| TOP OF THE 1ST |
|
Joplin Blasters batting - Pitching for Houston Colt .45's : LHP T.J. Westover
|
|
Pitching: LHP T.J. Westover
|
|
|
Batting: RHB Dave Saldana
|
0-0: Ball 1-0: Called Strike 1-1: Ball 2-1: Called Strike 2-2: DOUBLE (Flyball, 8RXD, EV 102.5 MPH)
|
|
Batting: RHB Carlos Santoni
|
0-0: Ball 1-0: Ball 2-0: Swinging Strike 2-1: DOUBLE (Line Drive, 78D, EV 105.0 MPH) Dave Saldana scores
|
|
Batting: LHB David Bearden
|
0-0: Ball 1-0: Called Strike 1-1: Ground out 4-3 (Groundball, 4, EV 103.1 MPH) Carlos Santoni to third
|
|
Batting: RHB Bobby Matyas
|
0-0: Ball 1-0: Ball 2-0: Called Strike 2-1: Called Strike 2-2: Foul Ball, location: 2F 2-2: Ground out 6-3 (Groundball, 56, EV 88.8 MPH) Carlos Santoni scores
|
|
Batting: SHB Sean Hill
|
0-0: Ball 1-0: Ball 2-0: Ball 3-0: Base on Balls
|
|
Batting: RHB Adam Krieger
|
0-0: Ball Wild Pitch! Sean Hill to second 1-0: Swinging Strike 1-1: Foul Ball, location: 2F 1-2: Ball 2-2: Ball 3-2: Base on Balls
|
|
Batting: LHB Josh Dalton
|
0-0: Called Strike 0-1: Ball 1-1: Foul Ball, location: 2F 1-2: Strikes out looking
|
| Top of the 1st over - 2 runs, 2 hits, 0 errors, 2 left on base; Joplin 2 - Houston 0 |
| BOTTOM OF THE 1ST |
|
Houston Colt .45's batting - Pitching for Joplin Blasters : RHP Howie Seidler
|
|
Pitching: RHP Howie Seidler
|
|
|
Batting: RHB Jason Monico
|
0-0: Ball 1-0: Ball 2-0: Ball 3-0: Called Strike 3-1: Called Strike 3-2: Foul Ball, location: 2F 3-2: SINGLE (Line Drive, 5D, EV 102.5 MPH)
|
|
Batting: SHB Chris Keziah
|
0-0: Foul Ball, location: 2F 0-1: Ball 1-1: Ball 2-1: Ball 3-1: Foul Ball, location: 2F 3-2: SINGLE (Line Drive, 7LS, EV 93.8 MPH) Jason Monico to second Jason Monico to third
|
|
Batting: RHB Bobby Dunn
|
0-0: Called Strike 0-1: Called Strike 0-2: SINGLE (Groundball, 34D, EV 94.4 MPH) Jason Monico scores Chris Keziah to second Runner from 2nd tries for 3rd, SAFE, throw by RF made to third
|
|
Batting: LHB Bob Dietz
|
0-0: Foul Ball, location: 2F 0-1: Hit by Pitch Bobby Dunn to second
|
|
Batting: RHB Juan Mendoza
|
0-0: Foul Ball, location: 2F 0-1: Called Strike 0-2: Ball 1-2: Strikes out swinging
|
|
Batting: RHB Nate Britton
|
0-0: Ball 1-0: Ball 2-0: Called Strike 2-1: Swinging Strike 2-2: Ball 3-2: Base on Balls Chris Keziah scores Bobby Dunn to third Bob Dietz to second
|
|
Batting: RHB Keith Goodwin
|
0-0: Ball 1-0: Swinging Strike 1-1: Foul Ball, location: 2F 1-2: Strikes out swinging
|
|
Batting: RHB To-wai Chen
|
0-0: Called Strike 0-1: Ground out 4-3 (Groundball, 34, EV 82.5 MPH)
|
| Bottom of the 1st over - 2 runs, 3 hits, 0 errors, 3 left on base; Joplin 2 - Houston 2 |
| TOP OF THE 2ND |
|
Joplin Blasters batting - Pitching for Houston Colt .45's : LHP T.J. Westover
|
|
Batting: RHB Justin Goff
|
0-0: Foul Ball, location: 2F 0-1: Foul Ball, location: 2F 0-2: Strikes out swinging
|
|
Batting: RHB Jason Birge
|
0-0: Ground out 6-3 (Groundball, 6, EV 82.5 MPH)
|
|
Batting: RHB Dave Saldana
|
0-0: Called Strike 0-1: Ball 1-1: Ball 2-1: Ball 3-1: Fly out, F9 (Flyball, 9S, EV 72.5 MPH)
|
| Top of the 2nd over - 0 runs, 0 hits, 0 errors, 0 left on base; Joplin 2 - Houston 2 |
| BOTTOM OF THE 2ND |
|
Houston Colt .45's batting - Pitching for Joplin Blasters : RHP Howie Seidler
|
|
Batting: RHB Jarno van Lente
|
0-0: Called Strike 0-1: Ball 1-1: Foul Ball, location: 2F 1-2: Strikes out swinging
|
|
Batting: RHB Jason Monico
|
0-0: Ground out 6-3 (Groundball, 6, EV 86.2 MPH)
|
|
Batting: SHB Chris Keziah
|
0-0: Ball 1-0: Swinging Strike 1-1: Fly out, F5 (Popup, 25F, EV 80.0 MPH)
|
| Bottom of the 2nd over - 0 runs, 0 hits, 0 errors, 0 left on base; Joplin 2 - Houston 2 |
| TOP OF THE 3RD |
|
Joplin Blasters batting - Pitching for Houston Colt .45's : LHP T.J. Westover
|
|
Batting: RHB Carlos Santoni
|
0-0: Foul Ball, location: 2F 0-1: Ball 1-1: Foul Ball, location: 2F 1-2: Ball 2-2: Strikes out looking
|
|
Batting: LHB David Bearden
|
0-0: Called Strike 0-1: Swinging Strike 0-2: Foul Ball, location: 2F 0-2: Ground out 6-3 (Groundball, 6, EV 103.8 MPH)
|
|
Batting: RHB Bobby Matyas
|
0-0: Foul Ball, location: 2F 0-1: Foul Ball, location: 2F 0-2: Ball 1-2: Ball 2-2: DOUBLE (Line Drive, 9LM, EV 97.5 MPH) - OUT at third base trying to stretch hit.
|
| Top of the 3rd over - 0 runs, 1 hit, 0 errors, 0 left on base; Joplin 2 - Houston 2 |
| BOTTOM OF THE 3RD |
|
Houston Colt .45's batting - Pitching for Joplin Blasters : RHP Howie Seidler
|
|
Batting: RHB Bobby Dunn
|
0-0: Ball 1-0: SINGLE (Line Drive, 89S, EV 90.6 MPH)
|
|
Batting: LHB Bob Dietz
|
0-0: Called Strike 0-1: Ball 1-1: Ball 2-1: Foul Ball, location: 2F 2-2: Fielders Choice at 2nd, 6-4 (Groundball, 6, EV 81.9 MPH)
|
|
Batting: RHB Juan Mendoza
|
0-0: Ball 1-0: Swinging Strike 1-1: Ball Bob Dietz is caught stealing 2nd base 2-4 2-1: Swinging Strike 2-2: Strikes out looking
|
| Bottom of the 3rd over - 0 runs, 1 hit, 0 errors, 0 left on base; Joplin 2 - Houston 2 |
| TOP OF THE 4TH |
|
Joplin Blasters batting - Pitching for Houston Colt .45's : LHP T.J. Westover
|
|
Batting: SHB Sean Hill
|
0-0: Ball 1-0: Ball 2-0: Ball 3-0: Called Strike 3-1: Called Strike 3-2: Strikes out swinging
|
|
Batting: RHB Adam Krieger
|
0-0: Called Strike 0-1: Called Strike 0-2: Ball 1-2: Ground out U3 (Groundball, 34S, EV 81.2 MPH)
|
|
Batting: LHB Josh Dalton
|
0-0: Ball 1-0: Ball 2-0: Ball 3-0: Called Strike 3-1: Ground out 4-3 (Groundball, 34D, EV 101.9 MPH)
|
| Top of the 4th over - 0 runs, 0 hits, 0 errors, 0 left on base; Joplin 2 - Houston 2 |
| BOTTOM OF THE 4TH |
|
Houston Colt .45's batting - Pitching for Joplin Blasters : RHP Howie Seidler
|
|
Batting: RHB Nate Britton
|
0-0: Ball 1-0: Foul Ball, location: 2F 1-1: SINGLE (Groundball, 4S, EV 71.2 MPH) (infield hit)
|
|
Batting: RHB Keith Goodwin
|
0-0: Swinging Strike 0-1: SINGLE (Groundball, 6MD, EV 94.4 MPH) Nate Britton to second
|
|
Batting: RHB To-wai Chen
|
0-0: Foul Ball, location: 2F 0-1: Ball 1-1: Foul Ball, location: 2F 1-2: Grounds into double play, 6-4-3 (Groundball, 6, EV 98.1 MPH) Nate Britton to third
|
|
Batting: RHB Jarno van Lente
|
0-0: Ball 1-0: Ball 2-0: Ground out 6-3 (Groundball, 6, EV 91.9 MPH)
|
| Bottom of the 4th over - 0 runs, 2 hits, 0 errors, 1 left on base; Joplin 2 - Houston 2 |
| TOP OF THE 5TH |
|
Joplin Blasters batting - Pitching for Houston Colt .45's : LHP T.J. Westover
|
|
Batting: RHB Justin Goff
|
0-0: Called Strike 0-1: Ball 1-1: Ball 2-1: Foul Ball, location: 2F 2-2: Ball 3-2: Base on Balls
|
|
Batting: RHB Jason Birge
|
0-0: Grounds into double play, 6-4-3 (Groundball, 6, EV 85.0 MPH)
|
|
Batting: RHB Dave Saldana
|
0-0: Ball 1-0: Called Strike 1-1: Ball 2-1: Ball 3-1: Foul Ball, location: 2F 3-2: Foul Ball, location: 2F 3-2: Fly out, F2 (Popup, 25F, EV 88.1 MPH)
|
| Top of the 5th over - 0 runs, 0 hits, 0 errors, 0 left on base; Joplin 2 - Houston 2 |
| BOTTOM OF THE 5TH |
|
Houston Colt .45's batting - Pitching for Joplin Blasters : RHP Howie Seidler
|
|
Batting: RHB Jason Monico
|
0-0: Ball 1-0: SINGLE (Groundball, 56, EV 96.9 MPH)
|
|
Batting: SHB Chris Keziah
|
0-0: Called Strike 0-1: Ball 1-1: Ball 2-1: Ball Jason Monico steals 2nd base 3-1: Base on Balls
|
|
Batting: RHB Bobby Dunn
|
0-0: Swinging Strike 0-1: Foul Ball, location: 2F 0-2: Ball 1-2: Foul Ball, location: 2F 1-2: Foul Ball, location: 2F 1-2: Foul Ball, location: 2F 1-2: SINGLE (Flyball, 4MD, EV 90.6 MPH) Jason Monico to third Chris Keziah to second
|
|
Batting: LHB Bob Dietz
|
0-0: Ball 1-0: Swinging Strike 1-1: Swinging Strike 1-2: Ball 2-2: SINGLE (Line Drive, 3D, EV 98.8 MPH) Jason Monico scores Chris Keziah to third Bobby Dunn to second
|
|
Batting: RHB Juan Mendoza
|
0-0: Foul Ball, location: 2F 0-1: Swinging Strike 0-2: Strikes out looking
|
|
Batting: RHB Nate Britton
|
0-0: Fly out, F8 (Flyball, 89S, EV 86.2 MPH)
|
|
Batting: RHB Keith Goodwin
|
0-0: Ball 1-0: Called Strike 1-1: Foul Ball, location: 2F 1-2: Ball 2-2: Ball 3-2: Base on Balls Chris Keziah scores Bobby Dunn to third Bob Dietz to second
|
|
Batting: RHB To-wai Chen
|
0-0: Ball 1-0: Ball 2-0: Foul Ball, location: 2F 2-1: Swinging Strike 2-2: Strikes out swinging
|
| Bottom of the 5th over - 2 runs, 3 hits, 0 errors, 3 left on base; Joplin 2 - Houston 4 |
| TOP OF THE 6TH |
|
Joplin Blasters batting - Pitching for Houston Colt .45's : LHP T.J. Westover
|
|
Batting: RHB Carlos Santoni
|
0-0: Called Strike 0-1: Swinging Strike 0-2: Ball 1-2: Ball 2-2: Strikes out looking
|
|
Batting: LHB David Bearden
|
0-0: Called Strike 0-1: Ball 1-1: Ball 2-1: Ball 3-1: Called Strike 3-2: Base on Balls
|
|
Batting: RHB Bobby Matyas
|
0-0: Ball 1-0: Called Strike 1-1: Called Strike 1-2: Ball 2-2: Ball 3-2: Grounds into double play, 6-4-3 (Groundball, 6, EV 80.0 MPH)
|
| Top of the 6th over - 0 runs, 0 hits, 0 errors, 0 left on base; Joplin 2 - Houston 4 |
| BOTTOM OF THE 6TH |
|
Houston Colt .45's batting - Pitching for Joplin Blasters : RHP Howie Seidler
|
|
Pitching: LHP Tyler Abraham
|
|
|
Batting: RHB Jarno van Lente
|
0-0: Ball 1-0: Swinging Strike 1-1: Ball 2-1: Swinging Strike 2-2: Ball 3-2: Strikes out looking
|
|
Batting: RHB Jason Monico
|
0-0: Ball 1-0: Called Strike 1-1: Foul Ball, location: 2F 1-2: Ball 2-2: SINGLE (Groundball, 6MD, EV 99.4 MPH)
|
|
Batting: SHB Chris Keziah
|
0-0: Ball 1-0: Called Strike 1-1: Swinging Strike 1-2: Strikes out swinging
|
|
Batting: RHB Bobby Dunn
|
0-0: Ball 1-0: Ball 2-0: Ball 3-0: Base on Balls Jason Monico to second
|
|
Batting: LHB Bob Dietz
|
0-0: Foul Ball, location: 2F 0-1: Swinging Strike 0-2: Strikes out swinging wild pitch, reaches first! Jason Monico to third Bobby Dunn to second
|
|
Batting: RHB Juan Mendoza
|
0-0: Ball 1-0: Foul Ball, location: 2F 1-1: SINGLE (Groundball, 56S, EV 65.6 MPH) (infield hit) Jason Monico scores Bobby Dunn to third Bob Dietz to second
|
|
Batting: RHB Nate Britton
|
0-0: Foul Ball, location: 2F 0-1: Foul Ball, location: 2F 0-2: Foul Ball, location: 2F 0-2: Strikes out looking
|
| Bottom of the 6th over - 1 run, 2 hits, 0 errors, 3 left on base; Joplin 2 - Houston 5 |
| TOP OF THE 7TH |
|
Joplin Blasters batting - Pitching for Houston Colt .45's : LHP T.J. Westover
|
|
Batting: SHB Sean Hill
|
0-0: Ball 1-0: Ball 2-0: Called Strike 2-1: Ground out 6-3 (Groundball, 6M, EV 99.4 MPH)
|
|
Batting: RHB Adam Krieger
|
0-0: Ball 1-0: Foul Ball, location: 2F 1-1: Ball 2-1: Ball 3-1: Foul Ball, location: 2F 3-2: Strikes out swinging
|
|
Batting: LHB Josh Dalton
|
0-0: Ball 1-0: SINGLE (Flyball, 3D, EV 86.2 MPH)
|
|
Pitching: RHP Devin Spears
|
|
|
Batting: RHB Justin Goff
|
0-0: Called Strike 0-1: Ball 1-1: Called Strike 1-2: 2-RUN HOME RUN (Flyball, 7LD, EV 93.1 MPH), Distance : 342 ft
|
|
Batting: RHB Jason Birge
|
0-0: Ball 1-0: SINGLE (Line Drive, 6M, EV 104.4 MPH)
|
|
Batting: RHB Dave Saldana
|
0-0: Ball 1-0: Called Strike 1-1: Ball 2-1: Ball 3-1: Fly out, F8 (Flyball, 8RM, EV 93.1 MPH)
|
| Top of the 7th over - 2 runs, 3 hits, 0 errors, 1 left on base; Joplin 4 - Houston 5 |
| BOTTOM OF THE 7TH |
|
Houston Colt .45's batting - Pitching for Joplin Blasters : LHP Tyler Abraham
|
|
Pitching: RHP Bryan Kiefer
|
|
|
Batting: RHB Keith Goodwin
|
0-0: Called Strike 0-1: Swinging Strike 0-2: Ball 1-2: Foul Ball, location: 2F 1-2: Ball 2-2: Strikes out swinging
|
|
Batting: RHB To-wai Chen
|
0-0: Ball 1-0: Foul Ball, location: 2F 1-1: Ball 2-1: Foul Ball, location: 2F 2-2: Strikes out swinging
|
|
Batting: RHB Jarno van Lente
|
0-0: Ball 1-0: Foul Ball, location: 2F 1-1: SINGLE (Groundball, 56, EV 100.0 MPH) (infield hit)
|
|
Batting: RHB Jason Monico
|
0-0: Ball 1-0: Called Strike Jarno van Lente steals 2nd base 1-1: Foul Ball, location: 2F 1-2: Strikes out swinging
|
| Bottom of the 7th over - 0 runs, 1 hit, 0 errors, 1 left on base; Joplin 4 - Houston 5 |
| TOP OF THE 8TH |
|
Joplin Blasters batting - Pitching for Houston Colt .45's : RHP Devin Spears
|
|
Pinch Hitting: SHB Ryoji Hiraoka
|
0-0: Called Strike 0-1: Ball 1-1: Ball 2-1: Swinging Strike 2-2: Foul Ball, location: 2F 2-2: Ball 3-2: Base on Balls
|
|
Pitching: RHP Russ Greer
|
|
|
Batting: LHB David Bearden
|
0-0: Ball 1-0: Ball 2-0: Ball 3-0: Called Strike 3-1: Foul Ball, location: 2F 3-2: Foul Ball, location: 2F 3-2: Foul Ball, location: 2F 3-2: Base on Balls Ryoji Hiraoka to second
|
|
Batting: RHB Bobby Matyas
|
0-0: Fielders Choice at 2nd, 3-6 (Groundball, 34S, EV 91.2 MPH) Ryoji Hiraoka to third
|
|
Batting: SHB Sean Hill
|
0-0: 3-RUN HOME RUN (Flyball, 9LD, EV 91.2 MPH), Distance : 344 ft
|
|
Batting: RHB Adam Krieger
|
0-0: Ball 1-0: SINGLE (Groundball, 34D, EV 99.4 MPH)
|
|
Batting: LHB Josh Dalton
|
0-0: Fly out, F7 (Flyball, 78M, EV 83.8 MPH)
|
|
Batting: RHB Justin Goff
|
0-0: Called Strike 0-1: Ball 1-1: Foul Ball, location: 2F 1-2: SINGLE (Line Drive, 8LS, EV 100.6 MPH) Adam Krieger to second
|
|
Batting: RHB Jason Birge
|
0-0: Fielders Choice at 2nd, 5-4 (Groundball, 5, EV 105.6 MPH)
|
| Top of the 8th over - 3 runs, 3 hits, 0 errors, 2 left on base; Joplin 7 - Houston 5 |
| BOTTOM OF THE 8TH |
|
Houston Colt .45's batting - Pitching for Joplin Blasters : RHP Bryan Kiefer
|
|
Now at 2B: Chang-keun Baik
|
|
|
Batting: SHB Chris Keziah
|
0-0: Fly out, F4 (Line Drive, 4, EV 66.2 MPH)
|
|
Batting: RHB Bobby Dunn
|
0-0: Called Strike 0-1: Fly out, F9 (Flyball, 9D, EV 97.5 MPH)
|
|
Batting: LHB Bob Dietz
|
0-0: Called Strike 0-1: Ball 1-1: Fly out, F6 (Flyball, 6D, EV 68.8 MPH)
|
| Bottom of the 8th over - 0 runs, 0 hits, 0 errors, 0 left on base; Joplin 7 - Houston 5 |
| TOP OF THE 9TH |
|
Joplin Blasters batting - Pitching for Houston Colt .45's : RHP Russ Greer
|
|
Pitching: RHP Tim Watson
|
|
|
Batting: RHB Dave Saldana
|
0-0: Called Strike 0-1: SINGLE (Flyball, 34D, EV 86.2 MPH)
|
|
Batting: RHB Chang-keun Baik
|
0-0: Called Strike Dave Saldana steals 2nd base 0-1: Called Strike 0-2: Strikes out swinging
|
|
Batting: LHB David Bearden
|
0-0: Intentional Walk
|
|
Batting: RHB Bobby Matyas
|
0-0: Ball 1-0: Foul Ball, location: 2F 1-1: Ball 2-1: Ball 3-1: Swinging Strike 3-2: Foul Ball, location: 2F 3-2: Base on Balls Dave Saldana to third David Bearden to second
|
|
Batting: SHB Sean Hill
|
0-0: Ball 1-0: Ball 2-0: Ball Passed Ball! Dave Saldana scores David Bearden to third Bobby Matyas to second 3-0: Base on Balls
|
|
Batting: RHB Adam Krieger
|
0-0: Swinging Strike 0-1: Ball 1-1: Foul Ball, location: 2F 1-2: Foul Ball, location: 2F 1-2: Ball 2-2: Foul Ball, location: 2F 2-2: Ball 3-2: SINGLE (Flyball, 7LM, EV 91.9 MPH) David Bearden scores Bobby Matyas to third Sean Hill to second
|
|
Batting: LHB Josh Dalton
|
0-0: Ball 1-0: Ball 2-0: Called Strike 2-1: Ball 3-1: Base on Balls Bobby Matyas scores Sean Hill to third Adam Krieger to second
|
|
Batting: RHB Justin Goff
|
0-0: Called Strike 0-1: Ball 1-1: SINGLE (Groundball, 25, EV 67.5 MPH) (infield hit) Sean Hill scores Adam Krieger to third Josh Dalton to second
|
|
Batting: RHB Jason Birge
|
0-0: Ball 1-0: Called Strike 1-1: Fly out, F9 (Flyball, 9LM, EV 101.9 MPH) Throwing error, E9 Adam Krieger scores Josh Dalton to third Justin Goff to second
|
|
Pinch Hitting: RHB Kevin Wimberly
|
0-0: Fly out, F7 (Flyball, 78D, EV 94.4 MPH)
|
| Top of the 9th over - 5 runs, 3 hits, 1 error, 2 left on base; Joplin 12 - Houston 5 |
| BOTTOM OF THE 9TH |
|
Houston Colt .45's batting - Pitching for Joplin Blasters : RHP Bryan Kiefer
|
|
Now in CF: Kevin Wimberly
|
|
|
Batting: RHB Juan Mendoza
|
0-0: Ball 1-0: Called Strike 1-1: Fly out, F9 (Line Drive, 9, EV 89.4 MPH)
|
|
Batting: RHB Nate Britton
|
0-0: Ball 1-0: SINGLE (Groundball, 4M, EV 90.6 MPH) (infield hit)
|
|
Batting: RHB Keith Goodwin
|
0-0: Called Strike 0-1: SINGLE (Line Drive, 56, EV 105.0 MPH) Nate Britton to second
|
|
Batting: RHB To-wai Chen
|
0-0: Swinging Strike 0-1: Ball 1-1: Foul Ball, location: 2F 1-2: Foul Ball, location: 2F 1-2: Foul Ball, location: 2F 1-2: Ball 2-2: Foul Ball, location: 2F 2-2: Ground out 5-3 (Groundball, 56S, EV 65.6 MPH) Nate Britton to third Keith Goodwin to second
|
|
Batting: RHB Jarno van Lente
|
0-0: Foul Ball, location: 2F 0-1: Fly out, F8 (Flyball, 78D, EV 79.4 MPH)
|
| Bottom of the 9th over - 0 runs, 2 hits, 0 errors, 2 left on base; Joplin 12 - Houston 5 |
|